 Dungeon Crawl Stone Soup version 0.23.0-3-gf3c87f2 (webtiles) character file.

Game seed: 12127007361899626920

334 Fang the Skirmisher (level 6, -1/58 HPs)
             Began as a Gargoyle Berserker on Feb 22, 2019.
             Was a Priest of Trog.
             Slain by an orc warrior
             ... wielding a +0 glaive
              (6 damage)
             ... on level 4 of the Dungeon.
             The game lasted 00:04:44 (3327 turns).

Fang the Skirmisher (Gargoyle Berserker)            Turns: 3327, Time: 00:04:45

Health: -1/58      AC: 17    Str: 27    XL:     6   Next: 53%
Magic:  6/6        EV:  8    Int:  8    God:    Trog [***...]
Gold:   147        SH:  0    Dex:  9    Spells: 5/5 levels left

rFire    + . .     SeeInvis .   a - +0 hand axe
rCold    . . .     Gourm    .   (no shield)
rNeg     + . .     Faith    .   B - +1 plate armour
rPois    ∞         Spirit   .   (no helmet)
rElec    +         Reflect  .   (no cloak)
rCorr    .         Harm     .   (no gloves)
MR       .....                  (no boots)
Stlth    ..........             (no amulet)
HPRegen  0.19/turn              d - ring of flight
MPRegen  0.10/turn              x - ring of protection from fire

@: berserking, very quick
A: negative energy resistance 1, electricity resistance, unbreathing,
petrification resistance, rot immunity, AC +4
a: Berserk, Trog's Hand, Renounce Religion, Evoke Flight


You were on level 4 of the Dungeon.
You worshipped Trog.
Trog was most pleased with you.
You were hungry.

You visited 1 branch of the dungeon, and saw 4 of its levels.
You also visited: Sewer.

You collected 147 gold pieces.

Inventory:

Hand Weapons
 a - a +0 hand axe (weapon)
Armour
 y - a +0 troll leather armour {Purgy}
 B - a +1 plate armour (worn)
Jewellery
 d - a ring of flight (left hand)
 x - a ring of protection from fire (right hand)
Wands
 w - a wand of enslavement (9)
Scrolls
 g - a scroll of fog {unknown}
 h - 2 scrolls of remove curse
 j - a scroll of random uselessness {unknown}
 k - 5 scrolls of identify {unknown}
 m - 2 scrolls of teleportation {unknown}
 q - a scroll of enchant weapon {unknown}
 r - a scroll of amnesia {unknown}
 A - a scroll of summoning {unknown}
Potions
 f - a potion of brilliance {unknown}
 i - 2 potions of might {unknown}
 l - a potion of haste {unknown}
 n - 3 potions of curing {unknown}
 o - 3 potions of magic {unknown}
 s - 2 potions of heal wounds {unknown}
 t - 2 potions of lignification {unknown}
 v - 2 potions of mutation {unknown}
 z - 2 potions of agility {unknown}
Comestibles
 b - 15 chunks of flesh
 c - 8 rations


   Skills:
 + Level 4.7 Fighting
 + Level 4.0 Axes
 + Level 4.0 Armour
 + Level 3.0 Dodging


You had 5 spell levels left.
You didn't know any spells.
Your spell library was empty.

Dungeon Overview and Level Annotations

Branches:
Dungeon (4/15)
 Temple: D:4-7

Altars:
Dithmenos
Kikubaaqudgha


Innate Abilities, Weirdness & Mutations

You are resistant to torment.
Your stone body is resilient. (AC +4)
You are immune to poison.
You resist negative energy. (rN+)
You are resistant to electric shocks. (rElec)
You can survive without breathing.
You are immune to petrification.
You are immune to rotting.


Message History

The jackal barely misses you.
The jackal bites you but does no damage.
An orc comes into view. It is wielding a +0 hand axe.
The orc warrior hits you from afar with a +0 glaive!
* * * LOW HITPOINT WARNING * * *
The orc priest hits you with a +0 club.
* * * LOW HITPOINT WARNING * * *
You slash the orc!
You kill the orc!
Trog accepts your kill.
You slash the orc priest! You closely miss the orc. You hit the jackal.
You kill the jackal!
Trog accepts your kill.
You hit the jackal.
You kill the jackal!
Trog accepts your kill. The orc barely misses you.
Unknown command.
The orc warrior hits you from afar with a +0 glaive.
You die...

.......... ..........
........ .. +#...... #
..) ......# .#....
......# o#....
......###### ###......
......##...#####..o.....
÷÷.#.....#....#o@o......
.#...########(.o.o......
÷#.### ########.### .#.#
# .#.# .#.# .#.# .#.# .#


You could see an orc warrior, an orc priest and 4 orcs.

Vanquished Creatures
  Purgy (Sewer)
  Terence (D:2)
  A worker ant (D:4)
  Natasha (twice) (D:3)
  6 adders
  An ooze (D:3)
  2 worms (D:2)
  2 dart slugs
  2 leopard geckos
  An orc (D:4)
  3 giant cockroaches
  5 goblins
  7 hobgoblins
  14 jackals
  A quokka (D:2)
  3 ball pythons
  10 bats
  4 frilled lizards
  8 kobolds
  4 rats
78 creatures vanquished.

Notes
Turn   | Place    | Note
-------+----------+-------------------------------------------
     0 | D:1      | Fang the Gargoyle Berserker began the quest for the Orb.
     0 | D:1      | Reached XP level 1. HP: 14/14 MP: 1/1
   189 | D:1      | Reached XP level 2. HP: 17/19 MP: 2/2
   381 | D:1      | Reached ** piety under Trog
   397 | D:1      | Reached XP level 3. HP: 18/23 MP: 3/3
   898 | D:2      | Noticed Terence
   905 | D:2      | Killed Terence
   905 | D:2      | Reached XP level 4. HP: 7/29 MP: 4/4
  1595 | D:2      | Found a shadowy altar of Dithmenos.
  1912 | D:3      | Reached XP level 5. HP: 33/33 MP: 5/5
  1998 | D:3      | Found an ancient bone altar of Kikubaaqudgha.
  2363 | D:3      | Noticed Natasha
  2370 | D:3      | Killed Natasha
  2391 | D:3      | Noticed Natasha
  2402 | D:3      | Killed Natasha
  2585 | D:3      | Found a glowing drain.
  2597 | Sewer    | Entered a sewer
  2608 | Sewer    | Reached *** piety under Trog
  2652 | Sewer    | Noticed Purgy
  2703 | Sewer    | Killed Purgy
  2703 | Sewer    | Reached XP level 6. HP: 16/39 MP: 6/6
  3317 | D:4      | Noticed an orc warrior
  3327 | D:4      | Slain by an orc warrior

Skill      XL: |  1  2  3  4  5  6 |
---------------+-------------------+-----
Axes           | 3 4 |  4.0
Dodging        | 2 3 |  3.0
Armour         | 3 4 |  4.0
Fighting       | 4 |  4.7

Action                   |  1- 3 |  4- 6 || total
-------------------------+-------+-------++-------
Melee: Hand axe          |   100 |   246 ||   346
Invok: Berserk           |     1 |     2 ||     3
  Use: Scroll            |       |     2 ||     2
  Eat: Chunk             |       |    10 ||    10
Armor: Animal skin       |    38 |       ||    38
       Chain mail        |       |   193 ||   193
       Plate armour      |       |    52 ||    52
Dodge: Dodged            |    76 |   148 ||   224
